 Dungeon Crawl Stone Soup version 0.24.0-1-gfbc8707122 (console) character file.

Game seed: 4150158622877735323, levelgen mode: deterministic

1558 AlterAsc the Firebug (level 8, 0/57 HPs)
             Began as a Yellow Draconian Fire Elementalist on Oct 26, 2019.
             Was an Initiate of Sif Muna.
             Succumbed to a killer bee's poison
             ... on level 7 of the Dungeon.
             The game lasted 00:42:17 (6911 turns).

AlterAsc the Firebug (DrFE)                         Turns: 6911, Time: 00:42:17

Health: 0/57       AC:  6    Str: 11    XL:     8   Next: 58%
Magic:  3/16       EV: 13    Int: 18    God:    Sif Muna [......]
Gold:   399        SH:  0    Dex: 11    Spells: 7/17 levels left

rFire    . . .     SeeInvis .   y - +2 dire flail (drain)
rCold    . . .     Gourm    .   (shield currently unavailable)
rNeg     . . .     Faith    .   (armour unavailable)
rPois    .         Spirit   .   (helmet restricted)
rElec    .         Reflect  .   e - scarf {cloud immunity}
rCorr    +         Harm     .   (no gloves)
MR       .....                  (no boots)
Stlth    ++........             (no amulet)
HPRegen  0.19/turn              (no ring)
MPRegen  0.15/turn              (no ring)

@: lethally poisoned (0 -> -5), very slightly contaminated, hasted, very quick
A: spit acid, unfitting armour, cold-blooded, acid resistance, AC +6
a: Breathe Acid, Renounce Religion


You were on level 7 of the Dungeon.
You worshipped Sif Muna.
Sif Muna was noncommittal.
You were not hungry.

You visited 2 branches of the dungeon, and saw 9 of its levels.

You collected 399 gold pieces.

Inventory:

Hand Weapons
 j - a +1 dagger of draining
 p - a +0 trident
 y - a +2 dire flail of draining (weapon)
 E - a +0 vampiric scythe
Missiles
 c - 261 stones (quivered)
 i - 66 bolts
 n - 69 arrows
 H - 19 sling bullets
Armour
 e - a scarf of cloud immunity (worn)
 A - a +1 helmet
 D - a +0 scale mail
Wands
 B - a wand of enslavement (6)
 C - a wand of flame (20)
Scrolls
 h - 4 scrolls of identify
 l - 5 scrolls of remove curse
 o - 5 scrolls of teleportation {unknown}
 s - a scroll of enchant weapon {unknown}
 t - a scroll of random uselessness {unknown}
 v - a scroll of amnesia {unknown}
Potions
 a - 2 potions of ambrosia {unknown}
 d - 2 potions of curing {unknown}
 f - 2 potions of haste
 g - a potion of lignification {unknown}
 k - 2 potions of brilliance {unknown}
 m - 3 potions of mutation {unknown}
 r - 3 potions of agility {unknown}
 u - a potion of magic {unknown}
 w - a potion of resistance {unknown}
 x - a potion of berserk rage {unknown}
 z - a potion of cancellation {unknown}
 F - 3 potions of might {unknown}
Comestibles
 b - 9 rations
 G - a chunk of flesh


   Skills:
 - Level 4.0 Dodging
 - Level 1.8 Stealth
 * Level 5.4 Spellcasting
 * Level 5.7 Conjurations
 * Level 6.7 Fire Magic


You had 7 spell levels left.
You knew the following spells:

 Your Spells              Type           Power        Failure   Level  Hunger
a - Flame Tongue          Conj/Fire      ####.        1%          1    None
b - Throw Flame           Conj/Fire      ####..       1%          2    #......
c - Conjure Flame         Conj/Fire      ####....     3%          3    ##.....
d - Sticky Flame          Conj/Fire      ####....     10%         4    ####...

Your spell library contained the following spells:

 Spells                   Type           Power        Failure   Level  Hunger
 Inner Flame              Hex/Fire       ###.....     10%         3    ##.....
 Fireball                 Conj/Fire      ####......   26%         5    ######.


Dungeon Overview and Level Annotations

Branches:
Dungeon (8/15)             Temple (1/1) D:6
   Lair: D:8-11

Altars:
Ashenzari
Dithmenos
Elyvilon
Fedhas
Gozag
Hepliaklqana
Makhleb
Nemelex Xobeh
Qazlal
Ru
Sif Muna
Trog
Vehumet
Wu Jian
Xom
Yredelemnul
Zin
The Shining One

Shops:
D:5 %


Innate Abilities, Weirdness & Mutations

You can spit globs of acid.
Your golden yellow scales are hard. (AC +6)
You cannot fit into any form of body armour.
You are cold-blooded and may be slowed by cold attacks.
You are resistant to acid. (rCorr)


Message History

The killer bee barely misses you.
The killer bee stings you but does no damage.
* * * LOW HITPOINT WARNING * * *
You feel sick.
* * * LOW HITPOINT WARNING * * *
You feel sick.
* * * LOW HITPOINT WARNING * * *
You feel sick.
The howler monkey hoots and howls with incredible vigour!
The killer bee barely misses you.
* * * LOW HITPOINT WARNING * * *
You feel sick. The killer bee closely misses you.
* * * LOW HITPOINT WARNING * * *
You feel sick.
* * * LOW HITPOINT WARNING * * *
You feel sick. The killer bee misses you.
Okay, then.
Okay, then.
You die...

# ... #. ..# #.## #.#
#... #.# ###.#.##.#
#...#..#.##### #
#....y.#...#
#.#.#..#.#.#.########
#......#@#.#.<<.....#
#.#....#...#.######.#
#.####.#.#.#..
#.....Y#.#.###
####.#y#.#.#
#..#.#.#.# #.##.#.#.#
. #.##h#.#.#....
#.#.>.........


You could see a killer bee.

Vanquished Creatures
  Sigmund (D:5)
  Edmund (D:4)
  4 ogres
  A scorpion (D:5)
  A killer bee (D:7)
  2 howler monkeys (D:7)
  2 crimson imps (D:5)
  A bullfrog zombie (D:5)
  A hound (D:5)
  A bullfrog skeleton (D:5)
  3 orc priests
  A centaur skeleton (D:4)
  5 orc wizards
  Ijyb (D:5)
  5 worker ants
  A howler monkey zombie (D:5)
  8 adders
  A shadow imp (D:5)
  An ooze (D:1)
  5 worms
  3 dart slugs
  5 leopard geckos
  19 orcs
  A ball python (D:2)
  4 giant cockroaches
  A goblin (D:3)
  11 hobgoblins
  6 jackals
  12 kobolds
  3 quokkas
  6 bats
  4 frilled lizards
  A jackal skeleton (D:5)
  A leopard gecko skeleton (D:5)
  A quokka skeleton (D:4)
  5 rats
129 creatures vanquished.

Vanquished Creatures (others)
  An orc wizard (D:5)
1 creature vanquished.

Grand Total: 130 creatures vanquished

Notes
Turn   | Place    | Note
-------+----------+-------------------------------------------
     0 | D:1      | AlterAsc the Draconian Fire Elementalist began the quest
                  | for the Orb.
     0 | D:1      | Reached XP level 1. HP: 14/14 MP: 3/3
    73 | D:1      | Reached XP level 2. HP: 20/20 MP: 0/5
   354 | D:1      | Learned a level 2 spell: Throw Flame
  1252 | D:2      | Reached XP level 3. HP: 26/26 MP: 3/6
  1941 | D:2      | Reached XP level 4. HP: 29/33 MP: 0/7
  2240 | D:3      | Reached skill level 4 in Fire Magic
  2773 | D:3      | Learned a level 3 spell: Conjure Flame
  2907 | D:3      | Reached XP level 5. HP: 38/38 MP: 5/9
  3201 | D:3      | Found a glowing golden altar of the Shining One.
  3382 | D:4      | Noticed an ogre
  3466 | D:3      | Learned a level 4 spell: Sticky Flame
  3480 | D:4      | Killed an ogre
  3513 | D:4      | Reached XP level 6. HP: 45/45 MP: 5/11
  3544 | D:4      | Noticed Edmund
  3637 | D:4      | Killed Edmund
  3796 | D:4      | Reached skill level 5 in Fire Magic
  3928 | D:4      | Your scales start taking on a golden yellow colour.
  3928 | D:4      | Reached XP level 7. HP: 38/50 MP: 5/12
  3928 | D:4      | Gained mutation: You are resistant to acid. (rCorr) [Yellow
                  | Draconian growth]
  4071 | D:5      | Entered Level 5 of the Dungeon
  4818 | D:5      | Found Fel Isiy's Food Emporium.
  4874 | D:5      | Noticed Ijyb
  4960 | D:5      | Found a sacrificial altar of Ru.
  4960 | D:5      | Found a shimmering altar of Xom.
  4965 | D:5      | Found a stormy altar of Qazlal.
  5149 | D:5      | Killed Ijyb
  5237 | D:5      | Noticed Sigmund
  5376 | D:5      | Reached XP level 8. HP: 40/57 MP: 1/15
  5491 | D:5      | Killed Sigmund
  5491 | D:5      | Reached skill level 5 in Conjurations
  5491 | D:5      | Reached skill level 6 in Fire Magic
  5726 | D:5      | Reached skill level 5 in Spellcasting
  6054 | D:6      | Found a staircase to the Ecumenical Temple.
  6084 | Temple   | Entered the Ecumenical Temple
  6158 | Temple   | Became a worshipper of Sif Muna the Loreminder
  6782 | D:7      | Found a radiant altar of Vehumet.
  6908 | D:7      | HP: 2/57 [poisoned by a killer bee]
  6911 | D:7      | Succumbed to a killer bee's poison

Levels and vault maps discovered:
D:1:      dpeg_arrival_water_temple_mockup, layout_loops_corners,
          minmay_split_cup_small
D:2:      layout_basic, st_stairs_8
D:3:      layout_basic, lemuel_coloured_pillars_altar
D:4:      layout_cave_pools, uniq_edmund
D:5:      layout_loops_ring, gammafunk_temple_overflow_forgotten, first_ration,
          serial_shops, shop, kennysheep_another_room, uniq_ijyb, uniq_sigmund
D:6:      layout_rooms, minmay_temple_entry_wispy, minivault_23,
          kennysheep_pointless_box, nrook_uturn
D:7:      layout_basic, lemuel_crystal_altar, enter_bailey_3, basic_altar
D:8:      layout_rooms, kennysheep_little_box, basic_altar
Temple:   eino_temple_rhombus

Skill      XL: |  1  2  3  4  5  6  7  8 |
---------------+-------------------------+-----
Dodging        | 2 3 4 |  4.0
Conjurations   | 2 3 4 5 |  5.7
Fire Magic     | 4 5 6 |  6.7
Spellcasting   | 3 4 5 |  5.4
Stealth        | |  1.8

Action                   |  1- 3 |  4- 6 |  7- 9 || total
-------------------------+-------+-------+-------++-------
Melee: Unarmed           |     1 |       |       ||     1
       Trident           |     2 |     1 |       ||     3
       Dire flail        |       |     2 |     6 ||     8
       Tailslap          |       |       |     1 ||     1
Throw: Stone             |    10 |    18 |     5 ||    33
 Cast: Flame Tongue      |    70 |    83 |    94 ||   247
       Throw Flame       |     1 |     5 |     8 ||    14
       Conjure Flame     |       |     2 |     7 ||     9
       Sticky Flame      |       |     5 |    17 ||    22
 Abil: Breathe Acid      |       |       |     3 ||     3
  Use: Scroll            |       |     1 |     2 ||     3
       Potion            |       |     1 |     5 ||     6
  Eat: Ration            |     1 |       |     2 ||     3
       Chunk             |       |     8 |     7 ||    15
Armor: Skin              |    12 |    11 |    21 ||    44
Dodge: Dodged            |    26 |    36 |    64 ||   126
